 Dungeon Crawl Stone Soup version 0.18.1-50-g88ac8fd (webtiles) character file.

19789 Gargoyl the Quickloader (level 12, -10/89 HPs)
             Began as a Demonspawn Abyssal Knight on Sept 28, 2016.
             Was a High Priest of Lugonu.
             Mangled by an orc warrior
             ... wielding a +0 halberd
              (11 damage)
             ... on level 1 of the Orcish Mines on Sept 29, 2016.
             The game lasted 00:36:22 (13162 turns).

Gargoyl the Quickloader (DsAK)                     Turns: 13162, Time: 00:36:23

Health: -10/89     AC: 26    Str: 16    XL:     12   Next: 39%
Magic:  20/20      EV: 14    Int: 15    God:    Lugonu [*****.]
Gold:   477        SH:  0    Dex: 21    Spells: 0 memorised, 11 levels left

rFire  . . .     SeeInvis .     U - +2 battleaxe (vamp)
rCold  + . .     Gourm    .     j - +0 plate armour
rNeg   . . .     Faith    .     (shield currently unavailable)
rPois  .         Spirit   .     l - +1 helmet of Dishonesty {Dex+3}
rElec  .         Dismiss  .     G - +2 cloak {+Inv}
rCorr  .         Reflect  .     D - +2 pair of gloves
SustAt .         Harm     .     e - +2 pair of boots {Fly}
MR     .....                    a - amulet of rage
Stlth  +.........               (no ring)
                                (no ring)

@: agile, about to teleport, not resistant to hostile enchantments, very
unstealthy
A: hooves 2, repulsion field 1, cold resistance 1, nightstalker 2
a: Depart the Abyss, Bend Space, Banish, Corrupt, Enter the Abyss, Renounce
Religion, Evoke Berserk Rage, Evoke Invisibility, Evoke Flight


You were on level 1 of the Orcish Mines.
You worshipped Lugonu.
Lugonu was extremely pleased with you.
You were very hungry.

You visited 2 branches of the dungeon, and saw 13 of its levels.
You visited the Abyss 1 time.

You collected 963 gold pieces.
You spent 486 gold pieces at shops.

Inventory:

Hand Weapons
 g - the +4 arbalest of Parts Unknown {elec, Str+2 SInv}
   (You found it on level 2 of the Abyss)

   It charges the ammunition it shoots with electricity; occasionally upon a
   hit, such missiles may discharge and cause terrible harm.
   It affects your strength (+2).
   It lets you see invisible.
 u - a +3 war axe of draining
 K - a +3 war axe
 U - a +2 vampiric battleaxe (weapon)
Missiles
 i - 4 tomahawks (quivered)
 n - 20 bolts
Armour
 e - a +2 pair of boots of flying (worn)
 j - a +0 plate armour (worn)
 l - the +1 helmet of Dishonesty (worn) {Dex+3}
   (You took it off Robin on level 2 of the Dungeon)

   It affects your dexterity (+3).
 D - a +2 pair of gloves (worn)
 F - a +0 buckler
 G - a +2 cloak of invisibility (worn)
Jewellery
 a - an amulet of rage (around neck)
Wands
 v - a wand of lightning (8/15)
 z - a wand of flame (18/48)
 A - a wand of lightning (5/15)
 H - a wand of flame (16/48)
 O - a wand of polymorph (3/24)
 Q - a wand of disintegration (15/24)
 R - a wand of slowing (19/48)
 S - a wand of acid (6/15)
 V - a wand of teleportation (3/9)
Scrolls
 b - 2 scrolls of magic mapping
 m - 6 scrolls of identify
 s - 5 scrolls of remove curse
 B - a scroll of enchant weapon
 L - 2 scrolls of amnesia
Potions
 d - a potion of ambrosia {unknown}
 o - a potion of cancellation
 q - a potion of brilliance {unknown}
 w - a potion of beneficial mutation {unknown}
 x - a potion of mutation {unknown}
 E - 2 potions of heal wounds {unknown}
 J - a potion of magic {unknown}
 M - 2 potions of might
 P - 2 potions of agility
Books
 p - a book of Maledictions

   Spells                             Type                      Level
   a - Corona                         Hexes                        1
   b - Ensorcelled Hibernation        Hexes/Ice                    2
   c - Confuse                        Hexes                        3
   d - Tukima's Dance                 Hexes                        3
   e - Dazzling Spray                 Conjuration/Hexes            3
 C - a book of the Tempests

   Spells                             Type                      Level
   a - Static Discharge               Conjuration/Air              3
   b - Lightning Bolt                 Conjuration/Air              5
   c - Fireball                       Conjuration/Fire             5
   d - Tornado                        Air                          9
   e - Shatter                        Earth                        9
 T - a book of Conjurations

   Spells                             Type                      Level
   a - Magic Dart                     Conjuration                  1
   b - Searing Ray                    Conjuration                  2
   c - Dazzling Spray                 Conjuration/Hexes            3
   d - Fulminant Prism                Conjuration/Hexes            4
   e - Iskenderun's Mystic Blast      Conjuration                  4
   f - Iskenderun's Battlesphere      Conjuration/Charms           5
Comestibles
 c - 7 bread rations
 f - 3 slices of pizza
 h - 8 royal jellies
 r - 4 beef jerkies
 t - 6 meat rations


   Skills:
 + Level 6.3 Fighting
 + Level 5.0 Axes
 * Level 12.7 Crossbows
 + Level 1.0 Throwing
 * Level 9.1 Armour
 + Level 3.4 Dodging
 * Level 10.7 Invocations


You had 11 spell levels left.
You didn't know any spells.

Dungeon Overview and Level Annotations

Branches:
Dungeon (13/15)            Temple (0/1) D:6             Orc (1/2) D:9
   Lair: D:8-11      Vaults: D:13-14

Altars:
Elyvilon
Gozag
Okawaru
Pakellas
Ru
Vehumet
Yredelemnul

Shops:
D:5 *%**?   D:13 }


Innate Abilities, Weirdness & Mutations

You have hoof-like feet.
You are surrounded by a mild repulsion field (EV +2).
Your flesh is cold resistant.
You are significantly more attuned to the shadows.


Message History

Okay, then.
Read which item? (? for menu, Esc to quit)
As you read the scroll labeled ARINAO EV YWO, it crumbles to dust.
It is a scroll of recharging.
Charge which item? (? for menu, Esc to quit)
Your wand of teleportation (2/9) glows for a moment and now has 4 charges.
The orc warrior closely misses you.
Drink which item? (? for menu, Esc to quit)
It was a potion of agility.
You feel agile all of a sudden. The orc warrior closely misses you.
Read which item? (? for menu, Esc to quit)
Okay, then.
Zapping:
V - a wand of teleportation (4/9)
Press: ? - help, Shift-Dir - straight line, f - you You feel strangely unstable.
This wand has 3 charges left.
The orc warrior hits you with a halberd.
* * * LOW HITPOINT WARNING * * *
The orc warrior hits you from afar with a halberd!
You die...

..#.## .....# .....#
.....# #### .....#
#..## .#..#####
##....#
.##.#...######.#†..###
.#.......#.#...))....#
..#.#...#......)@#...
>.......#.......)# $
..............o..#
...................
...#..>............#
..................#.#
...................
............


You could see an orc warrior.

Vanquished Creatures
  A hydra (D:12)
  2 centaur warriors
  A tengu warrior (D:12)
  4 hill giants
  A deep elf mage (D:13)
  An ugly thing (D:12)
  A manticore (D:12)
  3 cyclopes
  A komodo dragon (D:13)
  2 queen bees
  A troll (D:12)
  2 two-headed ogres
  A vampire (D:11)
  3 wyverns
  5 yaks (D:11)
  7 vampire mosquitoes
  A hippogriff (D:11)
  2 hungry ghosts (D:10)
  A warg (Orc:1)
  A mottled dragon (D:11)
  A water moccasin (D:11)
  5 orc warriors
  2 ice beasts
  2 sky beasts
  A necrophage (D:13)
  An eye of draining (shapeshifter) (D:13)
  7 ogres
  15 centaurs
  2 phantoms
  A big kobold (D:9)
  5 giant frogs
  4 scorpions
  61 killer bees
  8 wights
  7 howler monkeys
  7 crimson imps
  4 orc priests
  6 hounds
  6 orc wizards
  6 jellies
  Crazy Yiuf (D:4)
  2 centaur skeletons
  4 giant frog skeletons
  2 iguanas
  10 worker ants
  Robin (D:2)
  3 gnolls (D:4)
  8 adders
  2 shadow imps
  An adder skeleton (D:9)
  5 worms
  9 dart slugs
  6 giant geckos
  32 orcs
  5 giant cockroaches
  6 hobgoblins
  6 jackals
  6 quokkas
  2 ball pythons
  6 bats
  A giant gecko skeleton (D:9)
  2 giant newts
  18 goblins
  A jackal skeleton (D:5)
  7 kobolds
  7 rats
345 creatures vanquished.

Vanquished Creatures (others)
  A hydra (D:13)
1 creature vanquished.

Grand Total: 346 creatures vanquished

Notes
Turn   | Place    | Note
--------------------------------------------------------------
     0 | Abyss:1  | Gargoyl the Demonspawn Abyssal Knight began the quest for the Orb.
     0 | Abyss:1  | Reached XP level 1. HP: 18/18 MP: 2/2
    53 | Abyss:1  | Found a corrupted altar of Lugonu.
   131 | Abyss:1  | Found a corrupted altar of Lugonu.
   169 | Abyss:1  | Noticed a large abomination
   182 | Abyss:2  | Noticed a raiju
   183 | Abyss:2  | Noticed a raiju
   183 | Abyss:2  | Noticed a raiju
   183 | Abyss:2  | Got a bloodstained arbalest
   184 | Abyss:2  | Noticed a raiju
   184 | D:1      | Escaped the Abyss
   185 | D:1      | Identified the +4 arbalest of Parts Unknown {elec, Str+2 SInv} (You found it on level 2 of the Abyss)
   417 | D:1      | Reached * piety under Lugonu
   484 | D:1      | Gained mutation: You have large cloven feet. [demonic ancestry]
   484 | D:1      | Reached XP level 2. HP: 24/24 MP: 3/3
   714 | D:1      | Reached skill level 1 in Dodging
   958 | D:2      | Reached XP level 3. HP: 26/29 MP: 5/5
  1154 | D:2      | Found a white marble altar of Elyvilon.
  1225 | D:2      | Noticed Robin
  1239 | D:2      | Reached ** piety under Lugonu
  1242 | D:2      | Killed Robin
  1246 | D:2      | Got a translucent helmet
  1450 | D:2      | Identified the +1 helmet of Dishonesty {Dex+3} (You took it off Robin on level 2 of the Dungeon)
  1551 | D:2      | Found a basalt altar of Yredelemnul.
  1566 | D:2      | Gained mutation: You have hoof-like feet. [demonic ancestry]
  1566 | D:2      | Reached XP level 4. HP: 36/36 MP: 6/6
  1748 | D:2      | Found an iron altar of Okawaru.
  2023 | D:3      | Reached skill level 1 in Crossbows
  2802 | D:4      | Reached skill level 2 in Crossbows
  2802 | D:4      | Reached XP level 5. HP: 41/41 MP: 7/7
  2931 | D:4      | Reached *** piety under Lugonu
  3011 | D:4      | Found a sacrificial altar of Ru.
  3215 | D:4      | Found Esaivekk's Weapon Shop.
  3563 | D:4      | Noticed Crazy Yiuf
  3570 | D:4      | Killed Crazy Yiuf
  3570 | D:4      | Reached skill level 3 in Crossbows
  3570 | D:4      | Gained mutation: Your flesh is cold resistant. [demonic ancestry]
  3570 | D:4      | Reached XP level 6. HP: 41/47 MP: 8/8
  3740 | D:5      | Entered Level 5 of the Dungeon
  4031 | D:5      | Reached XP level 7. HP: 43/53 MP: 10/10
  4315 | D:5      | Found Kuometz's General Store.
  4336 | D:5      | Identified a scroll of acquirement
  4400 | D:5      | Found Kamar's Assorted Antiques.
  4409 | D:5      | Bought a scroll of enchant weapon for 180 gold pieces
  4418 | D:5      | Found Fonynaag's General Store.
  4437 | D:5      | Found Firr's Magic Scroll Emporium.
  4511 | D:5      | Found Metexod's Food Boutique.
  4776 | D:6      | Reached skill level 4 in Crossbows
  4839 | D:6      | Reached skill level 5 in Invocations
  4847 | D:6      | Found a staircase to the Ecumenical Temple.
  5159 | D:6      | Gained mutation: You are surrounded by a mild repulsion field (EV +2). [demonic ancestry]
  5159 | D:6      | Reached XP level 8. HP: 61/61 MP: 11/11
  5287 | D:6      | Reached skill level 5 in Crossbows
  5292 | D:6      | Reached **** piety under Lugonu
  5563 | D:6      | Reached skill level 6 in Crossbows
  5812 | D:7      | Reached skill level 5 in Fighting
  5812 | D:7      | Reached skill level 5 in Armour
  5816 | D:7      | You are sucked into a shaft for 2 floors!
  6115 | D:9      | Reached skill level 7 in Crossbows
  6115 | D:9      | Reached XP level 9. HP: 61/68 MP: 13/13
  6620 | D:9      | Found a staircase to the Orcish Mines.
  6678 | D:9      | Reached skill level 8 in Crossbows
  6682 | D:9      | Reached ***** piety under Lugonu
  6743 | D:9      | Found an oddly glowing altar of Pakellas.
  6907 | D:9      | Found a radiant altar of Vehumet.
  6907 | D:9      | Found an opulent altar of Gozag.
  7117 | D:10     | Entered Level 10 of the Dungeon
  7300 | D:10     | Reached skill level 9 in Crossbows
  7472 | D:10     | Noticed a hill giant
  7474 | D:10     | Killed a hill giant
  7474 | D:10     | Gained mutation: You are slightly more attuned to the shadows. [demonic ancestry]
  7474 | D:10     | Reached XP level 10. HP: 74/74 MP: 15/15
  7607 | D:10     | Reached skill level 10 in Crossbows
  8152 | D:11     | Reached skill level 1 in Throwing
  8385 | D:11     | Noticed a hill giant
  8391 | D:11     | Killed a hill giant
  8473 | D:11     | Gained mutation: You are significantly more attuned to the shadows. [demonic ancestry]
  8473 | D:11     | Reached XP level 11. HP: 30/80 MP: 17/17
  9235 | D:11     | Reached skill level 11 in Crossbows
  9539 | D:12     | Noticed a centaur warrior
  9866 | D:11     | Killed a centaur warrior
 10201 | D:12     | Reached ****** piety under Lugonu
 10516 | D:12     | Noticed a brown ugly thing
 10522 | D:12     | Noticed a five-headed hydra
 10525 | D:12     | Killed a brown ugly thing
 10532 | D:12     | Killed a five-headed hydra
 10692 | D:12     | Noticed a hill giant
 10696 | D:12     | Killed a hill giant
 10696 | D:12     | Reached skill level 12 in Crossbows
 10696 | D:12     | Reached skill level 10 in Invocations
 11058 | D:12     | Noticed a tengu warrior
 11069 | D:12     | Killed a tengu warrior
 11194 | D:13     | Reached XP level 12. HP: 88/88 MP: 19/19
 11397 | D:13     | Found Zeixus's Gadget Shoppe.
 11405 | D:13     | Bought a wand of teleportation (2/9) for 306 gold pieces
 11444 | D:13     | Noticed a centaur warrior
 11458 | D:13     | Killed a centaur warrior
 11476 | D:13     | Noticed a tengu warrior
 11479 | D:13     | Noticed a tengu warrior
 11857 | D:13     | Noticed a four-headed hydra
 11863 | D:13     | Banished a four-headed hydra
 12211 | D:13     | Reached skill level 5 in Axes
 12258 | D:13     | HP: 4/88 [tengu warrior/great sword (6)]
 12648 | Orc:1    | Entered Level 1 of the Orcish Mines
 13158 | Orc:1    | HP: 1/89 [orc warrior/halberd (10)]
 13162 | Orc:1    | Mangled by an orc warrior

Skill      XL: |  1  2  3  4  5  6  7  8  9 10 11 12 |
---------------+-------------------------------------+-----
Axes           | 2 3 4 5 |  5.0
Armour         | 2 3 4 5 6 7 8 9 |  9.1
Dodging        | 1 3 |  3.4
Crossbows      | 2 3 4 7 9 10 12 | 12.7
Invocations    | 3 4 5 6 7 9 10 | 10.7
Fighting       | 4 5 6 |  6.3
Throwing       | 1 |  1.0

Action                   |  1- 3 |  4- 6 |  7- 9 | 10-12 || total
-------------------------+-------+-------+-------+-------++-------
Melee: Hand axe          |    85 |    98 |    10 |       ||   193
       Kick              |    13 |    35 |     3 |       ||    51
       Arbalest          |       |     2 |       |       ||     2
       War axe           |       |       |    29 |   180 ||   209
       Battleaxe         |       |       |       |   161 ||   161
 Fire: Arbalest          |    12 |    89 |   212 |   263 ||   576
Throw: Tomahawk          |       |       |     3 |     5 ||     8
Invok: Depart the Abyss  |     1 |       |       |       ||     1
       Banish            |       |     2 |       |     4 ||     6
 Abil: Evoke Berserk Rag |       |       |       |     2 ||     2
       Stop Flying       |       |       |       |     1 ||     1
Evoke: Wand              |       |       |       |     1 ||     1
  Use: Scroll            |     4 |     1 |    20 |     7 ||    32
       Potion            |     1 |       |     4 |     9 ||    14
  Eat: Chunk             |     2 |     5 |     5 |     7 ||    19
       Bread ration      |       |     1 |     1 |     1 ||     3
       Royal jelly       |       |       |       |     9 ||     9
Armor: Leather armour    |     1 |       |       |       ||     1
       Ring mail         |     1 |       |       |       ||     1
       Plate armour      |    79 |   178 |   174 |   785 ||  1216
       Skin              |       |       |       |    66 ||    66
Dodge: Dodged            |    33 |    39 |    81 |   442 ||   595
